 Dungeon Crawl Stone Soup version 0.23.2-33-g5129a83184 (webtiles) character file.

Game seed: 12218466681808586142

2548 funkygono the Basher (level 9, -6/78 HPs)
             Began as a Minotaur Fighter on July 21, 2019.
             Was a Believer of Okawaru.
             Blown up by Maurice (18 damage)
             ... with a wand of disintegration (12)
             ... on level 8 of the Dungeon.
             The game lasted 00:19:18 (6463 turns).

funkygono the Basher (Minotaur Fighter)             Turns: 6463, Time: 00:19:19

Health: -6/78      AC: 15    Str: 24    XL:     9   Next: 30%
Magic:  0/8        EV: 11    Int:  5    God:    Okawaru [**....]
Gold:   423        SH: 12    Dex: 10    Spells: 7/8 levels left

rFire    . . .     SeeInvis .   a - +0 flail
rCold    . . .     Gourm    .   c - +1 shield
rNeg     + . .     Faith    .   H - +3 leather armour "Zujuidop" {Slay+2}
rPois    .         Spirit   +   (helmet restricted)
rElec    .         Reflect  .   y - +1 cloak
rCorr    .         Harm     .   i - +1 pair of gloves
MR       .....                  (no boots)
Stlth    +.........             I - amulet of guardian spirit
HPRegen  0.23/turn              o - +4 ring of protection
MPRegen  0.11/turn              w - ring of positive energy

@: no status effects
A: retaliatory headbutt, horns 2
a: Heroism, Renounce Religion


You were on level 8 of the Dungeon.
You worshipped Okawaru.
Okawaru was pleased with you.
You were hungry.

You visited 2 branches of the dungeon, and saw 9 of its levels.

You collected 423 gold pieces.

Inventory:

Hand Weapons
 a - a +0 flail (weapon)
Missiles
 e - 279 stones (quivered)
 j - 131 sling bullets
Armour
 b - a +0 scale mail
 c - a +1 shield (worn)
 i - a +1 pair of gloves (worn)
 l - a +0 plate armour
 t - a +3 scale mail of fire resistance
 y - a +1 cloak (worn)
 D - a +0 chain mail
 H - the +3 leather armour "Zujuidop" (worn) {Slay+2}
   (You found it on level 7 of the Dungeon)

   It affects your accuracy and damage with ranged weapons and melee attacks
   (+2).
Jewellery
 o - a +4 ring of protection (left hand)
 q - a +2 ring of evasion
 w - a ring of positive energy (right hand)
 I - an amulet of guardian spirit (around neck)
Wands
 x - a wand of paralysis (17)
 A - a wand of polymorph (5)
 B - a wand of acid (7)
 E - a wand of flame (22)
 F - a wand of scattershot (3)
Scrolls
 g - 5 scrolls of teleportation
 k - 5 scrolls of amnesia
 r - 4 scrolls of remove curse
 s - 2 scrolls of blinking
 J - a scroll of identify
Potions
 d - 2 potions of might
 m - 2 potions of agility
 n - 3 potions of haste
 p - a potion of curing
 v - 3 potions of brilliance
 C - a potion of flight
Comestibles
 f - 20 rations


   Skills:
 + Level 6.4 Fighting
 + Level 10.1 Maces & Flails
 + Level 6.5 Armour
 + Level 3.5 Dodging
 + Level 0.4 Stealth
 + Level 8.3 Shields


You had 7 spell levels left.
You knew the following spells:

 Your Spells              Type           Power        Failure   Level  Hunger
a - Magic Dart            Conj           #...         82%         1    ##.....

Your spell library contained the following spells:

 Spells                   Type           Power        Failure   Level  Hunger
 Summon Small Mammal      Summ           #...         82%         1    ##.....
 Blink                    Tloc           N/A          91%         2    ###....
 Call Imp                 Summ           #.......     91%         2    ###....
 Slow                     Hex            #.......     91%         2    ###....
 Call Canine Familiar     Summ           #.......     99%         3    ####...
 Conjure Flame            Conj/Fire      #.......     99%         3    ####...
 Mephitic Cloud           Conj/Pois/Air  #.......     99%         3    ####...
 Summon Guardian Golem    Hex/Summ       #.......     99%         3    ####...
 Summon Ice Beast         Ice/Summ       #.......     100%        4    #####..
 Summon Lightning Spire   Summ/Air       #.......     100%        4    #####..


Dungeon Overview and Level Annotations

Branches:
Dungeon (8/15)             Temple (1/1) D:7
   Lair: D:8-11

Altars:
Ashenzari
Cheibriados
Dithmenos
Elyvilon
Fedhas
Gozag
Hepliaklqana
Kikubaaqudgha
Makhleb
Nemelex Xobeh
Okawaru
Qazlal
Ru
Sif Muna
Trog
Uskayaw
Vehumet
Xom
Yredelemnul
Zin
The Shining One

Shops:
D:5 (   D:6 =

Annotations:
D:6 3 runed translucent doors, slayr's ghost, novice KoBe
D:8 Maurice


Innate Abilities, Weirdness & Mutations

You reflexively headbutt those who attack you in melee.
You have a pair of horns on your head.


Message History

You miss Maurice.
Maurice is heavily wounded.
You hit Maurice. You headbutt Maurice!
Maurice is heavily wounded.
Maurice mumbles some strange words.
Maurice blinks!
Maurice throws a stone.
The stone closely misses you.
Items here: ( ))))) [[[ †††† Maurice gestures wildly while chanting.
Maurice blinks!
Maurice throws a stone.
The stone hits you.
Maurice zaps a wand.
You are blasted!
* * * LOW HITPOINT WARNING * * *
Maurice throws a stone.
You block the stone.
Items here: ( ))))) [[[ †††† Maurice throws a stone.
The stone barely misses you.
Items here: ( )) ? †††
Items here: ))) [ †† Maurice zaps a wand.
You are blasted!
You die...

...# . ######...#..
###...........
#.............
#....@......
####......## #.....
#(#....# ...... #(#....#
....### #@#....# .....#
###.#....## # ..#.#
#.).......# #.# #.#.#
#.#.##.##.# ....##.#.##
#.#?##.# #.......##
#.#....#
#.####.#.#.###..(.#.....
#.....<.###............#
########.#.###....#.##.#


You could see Maurice.

Vanquished Creatures
  A hippogriff (D:7)
  Edmund (D:5)
  An ice beast (D:6)
  A sky beast (D:7)
  An orc warrior (D:6)
  A black bear (D:8)
  4 ogres
  A necrophage (D:5)
  A centaur (D:7)
  4 bullfrogs
  A scorpion (D:5)
  5 howler monkeys
  2 crimson imps
  A bullfrog zombie (D:7)
  3 hounds
  A bullfrog skeleton (D:7)
  A centaur skeleton (D:8)
  3 orc priests
  2 jellies
  3 orc wizards
  4 worker ants
  10 adders
  2 river rats (D:3)
  A shadow imp (D:5)
  An ooze (D:5)
  3 adder skeletons
  2 worms (D:3)
  A dart slug (D:1)
  9 leopard geckos
  34 orcs
  9 bats
  7 giant cockroaches
  2 gnoll zombies (D:7)
  4 goblins
  6 hobgoblins
  27 jackals
  7 quokkas
  4 ball pythons
  2 frilled lizards
  A goblin skeleton (D:4)
  A goblin zombie (D:4)
  A jackal zombie (D:5)
  8 kobolds
  A kobold skeleton (D:4)
  3 kobold zombies (D:4)
  An orc zombie (D:4)
  7 rats
196 creatures vanquished.

Notes
Turn   | Place    | Note
-------+----------+-------------------------------------------
     0 | D:1      | funkygono the Minotaur Fighter began the quest for the Orb.
     0 | D:1      | Reached XP level 1. HP: 19/19 MP: 0/0
   142 | D:1      | Reached XP level 2. HP: 14/27 MP: 1/1
   511 | D:1      | Reached XP level 3. HP: 33/33 MP: 2/2
   599 | D:1      | Reached skill level 3 in Maces & Flails
  1077 | D:2      | Found a hazy altar of Hepliaklqana.
  1230 | D:2      | Found a shadowy altar of Dithmenos.
  1522 | D:3      | Reached XP level 4. HP: 40/40 MP: 3/3
  1831 | D:3      | Reached skill level 4 in Maces & Flails
  2127 | D:3      | Reached XP level 5. HP: 42/46 MP: 4/4
  2885 | D:4      | Found a glowing golden altar of the Shining One.
  2916 | D:4      | Reached skill level 5 in Maces & Flails
  2944 | D:4      | Reached skill level 5 in Shields
  3030 | D:4      | Found a shattered altar of Ashenzari.
  3055 | D:4      | Reached XP level 6. HP: 53/53 MP: 5/5
  3149 | D:4      | Reached skill level 6 in Maces & Flails
  3385 | D:4      | Found a burning altar of Makhleb.
  3564 | D:5      | Entered Level 5 of the Dungeon
  3659 | D:5      | Found Cyajesest's Antique Weapon Shoppe.
  3774 | D:5      | Reached XP level 7. HP: 46/60 MP: 6/6
  3865 | D:5      | Reached skill level 7 in Maces & Flails
  3866 | D:5      | Reached skill level 1 in Dodging
  4123 | D:6      | Noticed Edmund
  4130 | D:6      | Reached skill level 5 in Fighting
  4163 | D:5      | Killed Edmund
  4163 | D:5      | Reached skill level 5 in Armour
  4383 | D:6      | Reached XP level 8. HP: 39/67 MP: 7/7
  4527 | D:6      | Reached skill level 8 in Maces & Flails
  4671 | D:6      | Found an iron altar of Okawaru.
  4680 | D:6      | Became a worshipper of Warmaster Okawaru
  4706 | D:6      | Found a runed translucent gate.
  4706 | D:6      | Found a runed translucent gate.
  4706 | D:6      | Found a runed translucent gate.
  4706 | D:6      | Noticed slayr's ghost (novice KoBe)
  4752 | D:6      | Found Xann's Jewellery Shoppe.
  4848 | D:6      | Found a blossoming altar of Fedhas.
  4851 | D:6      | Found an ancient bone altar of Kikubaaqudgha.
  5472 | D:7      | Got a twisted leather armour
  5508 | D:7      | Learned a level 1 spell: Magic Dart
  5665 | D:7      | Found a staircase to the Ecumenical Temple.
  5682 | Temple   | Entered the Ecumenical Temple
  5835 | D:7      | Noticed a hippogriff
  5845 | D:7      | Killed a hippogriff
  5845 | D:7      | Reached * piety under Okawaru
  5845 | D:7      | Reached skill level 9 in Maces & Flails
  5913 | D:7      | Identified the +3 leather armour "Zujuidop" {Slay+2} (You
                  | found it on level 7 of the Dungeon)
  5952 | D:7      | Reached XP level 9. HP: 74/74 MP: 8/8
  6054 | D:7      | Found a shadowy altar of Dithmenos.
  6054 | D:7      | Found a stormy altar of Qazlal.
  6189 | D:7      | Found a basalt altar of Yredelemnul.
  6389 | D:8      | Reached skill level 10 in Maces & Flails
  6392 | D:8      | Reached ** piety under Okawaru
  6395 | D:8      | Noticed Maurice
  6463 | D:8      | Blown up by Maurice

Skill      XL: |  1  2  3  4  5  6  7  8  9 |
---------------+----------------------------+-----
Shields        | 4 5 6 7 8 |  8.3
Fighting       | 4 5 6 |  6.4
Armour         | 4 5 6 |  6.5
Maces & Flails | 3 4 5 6 7 9 10 | 10.1
Dodging        | 2 3 |  3.5
Stealth        | |  0.4

Action                   |  1- 3 |  4- 6 |  7- 9 || total
-------------------------+-------+-------+-------++-------
Melee: Flail             |   107 |   270 |   263 ||   640
       Headbutt          |    14 |    34 |    52 ||   100
  Use: Scroll            |     6 |     8 |     6 ||    20
       Potion            |       |       |     1 ||     1
  Eat: Chunk             |     2 |     8 |     8 ||    18
Armor: Scale mail        |    32 |    13 |    87 ||   132
       Plate armour      |    35 |   151 |       ||   186
       Leather armour    |       |       |    46 ||    46
Dodge: Dodged            |    28 |    48 |    91 ||   167
Block: Shield            |    94 |   152 |   176 ||   422
